APP
BLUEFIELD BLUE JAYS @ GREENEVILLE ASTROS
07/09/2098
 
TOP OF THE 1ST
Bluefield Blue Jays batting - Pitching for Greeneville Astros : RHP Son Cao
Pitching: RHP Son Cao
Batting: LHB Jared Sprinkle 0-0: Ball
1-0: Foul Ball, location: 2F
1-1: Called Strike
1-2: Ball
2-2: Strikes out swinging
Batting: RHB Jordan Carrillo 0-0: Ball
1-0: Foul Ball, location: 2F
1-1: Called Strike
1-2: Foul Ball, location: 3SF
1-2: SINGLE (Line Drive, 4MD, EV 97.5 MPH)
Batting: RHB Guillermo Naranjo 0-0: Fielders Choice at 2nd, 4-6 (Groundball, 4, EV 93.1 MPH)
Batting: RHB Alfonso Ernesto 0-0: Foul Ball, location: 2F
0-1: Called Strike
0-2: Fielders Choice at 2nd, 6-4 (Groundball, 6, EV 80.6 MPH)
Top of the 1st over - 0 runs, 1 hit, 0 errors, 1 left on base; Bluefield 0 - Greeneville 0
BOTTOM OF THE 1ST
Greeneville Astros batting - Pitching for Bluefield Blue Jays : RHP William Benavides
Pitching: RHP William Benavides
Batting: RHB Mike Martin 0-0: Ground out 5-3 (Groundball, 56, EV 90.6 MPH)
Batting: RHB Jose Jacinto 0-0: Called Strike
0-1: Foul Ball, location: 3F
0-2: Fly out, F8 (Flyball, 78M, EV 95.6 MPH)
Batting: RHB Mitchell Akhurst 0-0: Ball
1-0: Fly out, F7 (Flyball, 78M, EV 98.1 MPH)
Bottom of the 1st over - 0 runs, 0 hits, 0 errors, 0 left on base; Bluefield 0 - Greeneville 0
TOP OF THE 2ND
Bluefield Blue Jays batting - Pitching for Greeneville Astros : RHP Son Cao
Batting: SHB Dave Hurst 0-0: Called Strike
0-1: Ground out 4-3 (Groundball, 4, EV 108.8 MPH)
Batting: SHB Marcos Amor 0-0: Ball
1-0: Ball
2-0: Ball
3-0: Called Strike
3-1: Swinging Strike
3-2: Base on Balls
Batting: RHB Keith Culley 0-0: Ball
1-0: Swinging Strike
1-1: Foul Ball, location: 9LSF
1-2: Foul Ball, location: 2F
1-2: Strikes out swinging
Batting: RHB Roberto Pedrazzini 0-0: Called Strike
0-1: Ball
1-1: Fly out, F7 (Flyball, 78S, EV 88.8 MPH)
Top of the 2nd over - 0 runs, 0 hits, 0 errors, 1 left on base; Bluefield 0 - Greeneville 0
BOTTOM OF THE 2ND
Greeneville Astros batting - Pitching for Bluefield Blue Jays : RHP William Benavides
Batting: RHB Josue Chavarria 0-0: Ball
1-0: Called Strike
1-1: Ball
2-1: Foul Ball, location: 9LDF
2-2: Fly out, F9 (Line Drive, 9, EV 95.0 MPH)
Batting: RHB Manny Arroyo 0-0: Ball
1-0: Ball
2-0: Called Strike
2-1: Foul Ball, location: 2F
2-2: SINGLE (Line Drive, 34D, EV 95.0 MPH)
Batting: LHB Raul Bonilla 0-0: Ball
1-0: Ball
2-0: Fly out, F8 (Line Drive, 8RD, EV 93.8 MPH)
Batting: LHB Wilfredo Carballosa 0-0: Foul Ball, location: 2F
0-1: Ball
1-1: Swinging Strike
1-2: Ball
2-2: Ball
3-2: Strikes out swinging
Bottom of the 2nd over - 0 runs, 1 hit, 0 errors, 1 left on base; Bluefield 0 - Greeneville 0
TOP OF THE 3RD
Bluefield Blue Jays batting - Pitching for Greeneville Astros : RHP Son Cao
Batting: RHB Jorge de la Mora 0-0: Fly out, F7 (Line Drive, 7, EV 93.1 MPH)
Batting: LHB Jared Sprinkle 0-0: Ball
1-0: Called Strike
1-1: Ball
2-1: Ball
3-1: Foul Ball, location: 2F
3-2: Strikes out swinging
Batting: RHB Jordan Carrillo 0-0: Called Strike
0-1: Foul Ball, location: 3SF
0-2: Ground out 5-3 (Groundball, 56S, EV 66.9 MPH)
Top of the 3rd over - 0 runs, 0 hits, 0 errors, 0 left on base; Bluefield 0 - Greeneville 0
BOTTOM OF THE 3RD
Greeneville Astros batting - Pitching for Bluefield Blue Jays : RHP William Benavides
Batting: RHB Joe Kauppinen 0-0: Swinging Strike
0-1: Bunt for hit to 23 - play at first, batter OUT! 3-4
Batting: RHB Jimmy McCoy 0-0: SINGLE (Line Drive, 3D, EV 101.9 MPH)
Batting: RHB Mike Martin 0-0: Ball
1-0: Fielders Choice at 2nd, 6-4 (Groundball, 6, EV 92.5 MPH)
Batting: RHB Jose Jacinto 0-0: Swinging Strike
0-1: SINGLE (Groundball, 6D, EV 94.4 MPH)
Mike Martin to second
Runner from 2nd tries for 3rd, SAFE, no throw by CF
Batting: RHB Mitchell Akhurst 0-0: Called Strike
0-1: Called Strike
0-2: Ball
1-2: SINGLE (Groundball, 6D, EV 97.5 MPH)
Mike Martin scores
Jose Jacinto to second
Batting: RHB Josue Chavarria 0-0: Called Strike
0-1: Swinging Strike
0-2: Foul Ball, location: 9LMF
0-2: SINGLE (Flyball, 8LS, EV 98.1 MPH)
Jose Jacinto to third
Mitchell Akhurst to second
Runner from 3rd tries for Home, SAFE, throw by CF to home
Batting: RHB Manny Arroyo 0-0: Called Strike
0-1: Ball
1-1: Foul Ball, location: 5SF
1-2: Ball
2-2: Foul Ball, location: 25FF
2-2: SINGLE (Groundball, 56, EV 99.4 MPH)
Mitchell Akhurst to third
Josue Chavarria to second
Runner from 3rd tries for Home, SAFE, throw by LF to home
Batting: LHB Raul Bonilla 0-0: Called Strike
0-1: Ball
1-1: DOUBLE (Flyball, 8RXD, EV 97.5 MPH)
Josue Chavarria scores
Manny Arroyo to third
Runner from 3rd tries for Home, SAFE, no throw by CF
Batting: LHB Wilfredo Carballosa 0-0: Called Strike
0-1: Foul Ball, location: 9LMF
0-2: Ball
1-2: Ball
2-2: Ball
3-2: DOUBLE (Flyball, 8RXD, EV 96.9 MPH)
Raul Bonilla scores
Pitching: RHP Juan Delgado
Batting: RHB Joe Kauppinen 0-0: Foul Ball, location: 2F
0-1: Foul Ball, location: 2F
0-2: Ball
1-2: Fly out, F9 (Line Drive, 9, EV 86.9 MPH)
Bottom of the 3rd over - 6 runs, 7 hits, 0 errors, 1 left on base; Bluefield 0 - Greeneville 6
TOP OF THE 4TH
Bluefield Blue Jays batting - Pitching for Greeneville Astros : RHP Son Cao
Batting: RHB Guillermo Naranjo 0-0: Called Strike
0-1: Ball
1-1: Swinging Strike
1-2: Strikes out swinging
Batting: RHB Alfonso Ernesto 0-0: Ball
1-0: Called Strike
1-1: Foul Ball, location: 2F
1-2: Strikes out swinging
Batting: SHB Dave Hurst 0-0: Ball
1-0: Swinging Strike
1-1: Foul Ball, location: 3F
1-2: Ball
2-2: Ball
3-2: Fly out, F4 (Popup, 4, EV 61.3 MPH)
Top of the 4th over - 0 runs, 0 hits, 0 errors, 0 left on base; Bluefield 0 - Greeneville 6
BOTTOM OF THE 4TH
Greeneville Astros batting - Pitching for Bluefield Blue Jays : RHP Juan Delgado
Batting: RHB Jimmy McCoy 0-0: Called Strike
0-1: Called Strike
0-2: Strikes out swinging, 2-3 out at first.
Batting: RHB Mike Martin 0-0: Called Strike
0-1: SINGLE (Line Drive, 89M, EV 99.4 MPH)
Batting: RHB Jose Jacinto 0-0: Called Strike
0-1: Swinging Strike
0-2: Fielders Choice at 2nd, 5-4 (Groundball, 56, EV 76.9 MPH)
Batting: RHB Mitchell Akhurst 0-0: Ball
Jose Jacinto steals 2nd base
1-0: Ball
2-0: Called Strike
2-1: Ball
3-1: Base on Balls
Batting: RHB Josue Chavarria 0-0: Ball
1-0: Ball
2-0: Ball
3-0: Called Strike
3-1: Base on Balls
Jose Jacinto to third
Mitchell Akhurst to second
Batting: RHB Manny Arroyo 0-0: Ball
1-0: Called Strike
1-1: Fly out, F8 (Flyball, 8RD, EV 107.5 MPH)
Bottom of the 4th over - 0 runs, 1 hit, 0 errors, 3 left on base; Bluefield 0 - Greeneville 6
TOP OF THE 5TH
Bluefield Blue Jays batting - Pitching for Greeneville Astros : RHP Son Cao
Batting: SHB Marcos Amor 0-0: Ball
1-0: Foul Ball, location: 9LMF
1-1: Foul Ball, location: 7LDF
1-2: Strikes out looking
Batting: RHB Keith Culley 0-0: Called Strike
0-1: Ball
1-1: Ball
2-1: Ball
3-1: Fly out, F7 (Flyball, 78M, EV 82.5 MPH)
Batting: RHB Roberto Pedrazzini 0-0: Called Strike
0-1: Fly out, F7 (Flyball, 7D, EV 103.1 MPH)
Top of the 5th over - 0 runs, 0 hits, 0 errors, 0 left on base; Bluefield 0 - Greeneville 6
BOTTOM OF THE 5TH
Greeneville Astros batting - Pitching for Bluefield Blue Jays : RHP Juan Delgado
Batting: LHB Raul Bonilla 0-0: Called Strike
0-1: Ball
1-1: Ball
2-1: Ball
3-1: Swinging Strike
3-2: Base on Balls
Batting: LHB Wilfredo Carballosa 0-0: Ball
1-0: Called Strike
1-1: Foul Ball, location: 2F
1-2: Ball
2-2: Strikes out swinging
Batting: RHB Joe Kauppinen 0-0: Called Strike
Raul Bonilla steals 2nd base
0-1: Foul Ball, location: 9LMF
0-2: Ball
1-2: Strikes out looking
Batting: RHB Jimmy McCoy 0-0: Called Strike
0-1: Ball
1-1: Ball
2-1: Ball
3-1: DOUBLE (Line Drive, 89M, EV 94.4 MPH)
Raul Bonilla scores
Batting: RHB Mike Martin 0-0: Ground out 5-3 (Groundball, 56S, EV 67.5 MPH)
Bottom of the 5th over - 1 run, 1 hit, 0 errors, 1 left on base; Bluefield 0 - Greeneville 7
TOP OF THE 6TH
Bluefield Blue Jays batting - Pitching for Greeneville Astros : RHP Son Cao
Batting: RHB Jorge de la Mora 0-0: Swinging Strike
0-1: Swinging Strike
0-2: Ball
1-2: Ball
2-2: Ball
3-2: Strikes out swinging
Batting: LHB Jared Sprinkle 0-0: Ball
1-0: Called Strike
1-1: Ball
2-1: Foul Ball, location: 5SF
2-2: DOUBLE (Line Drive, 9LS, EV 96.3 MPH)
Batting: RHB Jordan Carrillo 0-0: Called Strike
0-1: Ball
1-1: SINGLE (Groundball, 34D, EV 104.4 MPH)
Jared Sprinkle to third
Pitching: RHP Roy Ratcliffe
Batting: RHB Guillermo Naranjo 0-0: Ball
1-0: Called Strike
1-1: SINGLE (Line Drive, 9S, EV 100.6 MPH)
Jared Sprinkle scores
Jordan Carrillo to second
Batting: RHB Alfonso Ernesto 0-0: Foul Ball, location: 3FF
0-1: Ball
1-1: Swinging Strike
1-2: Strikes out swinging
Batting: SHB Dave Hurst 0-0: Swinging Strike
0-1: Ball
1-1: Ground out 4-3 (Groundball, 4, EV 103.8 MPH)
Top of the 6th over - 1 run, 3 hits, 0 errors, 2 left on base; Bluefield 1 - Greeneville 7
BOTTOM OF THE 6TH
Greeneville Astros batting - Pitching for Bluefield Blue Jays : RHP Juan Delgado
Batting: RHB Jose Jacinto 0-0: Fly out, F8 (Flyball, 8RD, EV 95.6 MPH)
Batting: RHB Mitchell Akhurst 0-0: Ball
1-0: Fly out, F7 (Flyball, 7D, EV 108.8 MPH)
Batting: RHB Josue Chavarria 0-0: Ball
1-0: Ball
2-0: Ball
3-0: Called Strike
3-1: Foul Ball, location: 2F
3-2: Foul Ball, location: 2F
3-2: Base on Balls
Batting: RHB Manny Arroyo 0-0: Ball
1-0: Ball
2-0: Ball
3-0: Base on Balls
Josue Chavarria to second
Batting: LHB Raul Bonilla 0-0: DOUBLE (Line Drive, 8RD, EV 99.4 MPH)
Josue Chavarria scores
Manny Arroyo to third
Runner from 3rd tries for Home, SAFE, throw by CF to home
Pitching: RHP Roberto Ramirez
Batting: LHB Wilfredo Carballosa 0-0: Ball
1-0: Ball
2-0: Ball
3-0: Called Strike
3-1: Base on Balls
Batting: RHB Joe Kauppinen 0-0: Called Strike
0-1: Ball
1-1: Foul Ball, location: 5SF
1-2: Foul Ball, location: 2F
1-2: Foul Ball, location: 5FF
1-2: 3-RUN HOME RUN (Flyball, 78XD, EV 102.5 MPH), Distance : 427 ft
Batting: RHB Jimmy McCoy 0-0: Ball
1-0: Ball
2-0: Ground out 4-3 (Groundball, 4MD, EV 102.5 MPH)
Bottom of the 6th over - 5 runs, 2 hits, 0 errors, 0 left on base; Bluefield 1 - Greeneville 12
TOP OF THE 7TH
Bluefield Blue Jays batting - Pitching for Greeneville Astros : RHP Roy Ratcliffe
Pinch Hitting: LHB Jake Boyce 0-0: Ball
1-0: Called Strike
1-1: Called Strike
1-2: Ball
2-2: Ball
3-2: Foul Ball, location: 5FF
3-2: Strikes out swinging
Batting: RHB Keith Culley 0-0: Fly out, F8 (Flyball, 8LD, EV 88.8 MPH)
Batting: RHB Roberto Pedrazzini 0-0: Called Strike
0-1: Called Strike
0-2: Strikes out looking
Top of the 7th over - 0 runs, 0 hits, 0 errors, 0 left on base; Bluefield 1 - Greeneville 12
BOTTOM OF THE 7TH
Greeneville Astros batting - Pitching for Bluefield Blue Jays : RHP Roberto Ramirez
Now at 3B: Mike Haynes
Pinch Hitting: LHB Derrick Stone 0-0: Ball
1-0: Called Strike
1-1: Fly out, F5 (Popup, 5, EV 61.9 MPH)
Batting: RHB Jose Jacinto 0-0: Ball
1-0: Ball
2-0: Swinging Strike
2-1: Ball
3-1: Called Strike
3-2: Strikes out swinging
Pinch Hitting: LHB Nate Milosch 0-0: Swinging Strike
0-1: Foul Ball, location: 2F
0-2: Ball
1-2: Ball
2-2: Foul Ball, location: 3DF
2-2: Foul Ball, location: 7LSF
2-2: Foul Ball, location: 7LDF
2-2: Ground out 4-3 (Groundball, 4, EV 108.8 MPH)
Bottom of the 7th over - 0 runs, 0 hits, 0 errors, 0 left on base; Bluefield 1 - Greeneville 12
TOP OF THE 8TH
Bluefield Blue Jays batting - Pitching for Greeneville Astros : RHP Roy Ratcliffe
Now at 1B: Nate Milosch
Now in LF: Robby Callanan
Pinch Hitting: RHB Hector Contreras 0-0: Ball
1-0: Ball
2-0: Swinging Strike
2-1: Fly out, F7 (Flyball, 7, EV 89.4 MPH)
Pinch Hitting: RHB Carlos Reyes 0-0: Called Strike
0-1: Ball
1-1: Ground out 4-3 (Groundball, 4, EV 82.5 MPH)
Batting: RHB Jordan Carrillo 0-0: Ground out 6-3 (Groundball, 6, EV 88.8 MPH)
Top of the 8th over - 0 runs, 0 hits, 0 errors, 0 left on base; Bluefield 1 - Greeneville 12
BOTTOM OF THE 8TH
Greeneville Astros batting - Pitching for Bluefield Blue Jays : RHP Roberto Ramirez
Now in LF: Hector Contreras
Now in CF: Carlos Reyes
Batting: RHB Josue Chavarria 0-0: Fly out, F9 (Line Drive, 9, EV 91.9 MPH)
Batting: RHB Manny Arroyo 0-0: Called Strike
0-1: Ball
1-1: Ball
2-1: Ground out 5-3 (Groundball, 56S, EV 78.8 MPH)
Batting: LHB Raul Bonilla 0-0: Called Strike
0-1: Foul Ball, location: 2F
0-2: Ball
1-2: Foul Ball, location: 2F
1-2: Foul Ball, location: 9LMF
1-2: Ball
2-2: Ground out 4-3 (Groundball, 34, EV 88.1 MPH)
Bottom of the 8th over - 0 runs, 0 hits, 0 errors, 0 left on base; Bluefield 1 - Greeneville 12
TOP OF THE 9TH
Bluefield Blue Jays batting - Pitching for Greeneville Astros : RHP Roy Ratcliffe
Batting: RHB Guillermo Naranjo 0-0: Ball
1-0: Ball
2-0: Ball
3-0: Base on Balls
Batting: RHB Alfonso Ernesto 0-0: Swinging Strike
0-1: Foul Ball, location: 5F
0-2: Ball
1-2: Foul Ball, location: 25F
1-2: Strikes out swinging
Batting: SHB Dave Hurst 0-0: Ball
1-0: Foul Ball, location: 25F
1-1: Ball
2-1: Ball
3-1: Foul Ball, location: 2F
3-2: Strikes out looking
Guillermo Naranjo steals 2nd base (no throw)
Batter strikes out.
Batting: RHB Mike Haynes 0-0: Ball
1-0: Called Strike
1-1: Ball
2-1: SINGLE (Line Drive, 6D, EV 96.3 MPH)
Guillermo Naranjo to third
Pinch Hitting: RHB Franklin Chavez 0-0: Ball
1-0: Ball
2-0: Ball
3-0: Called Strike
3-1: Fly out, F8 (Flyball, 8RM, EV 89.4 MPH)
Top of the 9th over - 0 runs, 1 hit, 0 errors, 2 left on base; Bluefield 1 - Greeneville 12
Tuesday, April 9th , 2024 - OOTP Baseball 24.11 Build 85